Map: [ESL] Site Delta

Players

Nanami - Winner!

  • Race: Protoss Protoss
  • Spawn Location: 5:00

Nice

  • Race: Protoss Protoss
  • Spawn Location: 11:00

Event: ESL SC2 Masters 2024 Spring (Regional)

VOD

Have the link to the VOD?

Description

Time

  • Played on: April 25, 2024, 8:10 a.m.
  • Length: 5:21

All games in this series

Show
View Real Time Build Order
Export as new Build Order

Nanami Protoss - Winner!

Build Orders: 1 Gate Expand 

Get SALT Encoding   

  12  0:00  Probe  
  13  0:12  Probe  
  14  0:18  Pylon  
  14  0:24  Probe (Chrono Boost)  
  15  0:37  Probe (Chrono Boost)  
  15  0:38  Gateway  
  16  0:45  Probe (Chrono Boost)  
  16  0:46  Assimilator  
  17  0:51  Probe  
  18  1:03  Probe  
  19  1:15  Probe  
  20  1:24  Nexus  
  20  1:33  Cybernetics Core  
  20  1:35  Probe  
  21  1:40  Assimilator  
  21  1:47  Probe  
  21  1:50  Pylon  
  22  1:59  Probe  
  23  2:11  Probe  
  23  2:13  Stalker (Chrono Boost)  
  24  2:15  Robotics Facility  
  24  2:18  Warp Gate (Chrono Boost)  
  26  2:23  Probe  
  27  2:35  Stalker, Probe  
  30  2:39  Probe  
  31  2:47  Probe  
  31  2:51  Probe  
  33  2:54  Shield Battery  
  33  3:02  Gateway  
  33  3:05  Sentry, Observer (Chrono Boost)  
  36  3:21  Gateway  
  36  3:23  Immortal (Chrono Boost)  
  40  3:32  Gateway  
  40  3:35  Pylon  
  40  3:52  Warp Prism (Chrono Boost)  
  40  3:54  Sentry  
  44  3:57  Stalker  
  46  4:05  Pylon, Probe x2  
  48  4:15  Stalker  
  50  4:19  Stalker  
  52  4:25  Assimilator  
  52  4:27  Probe x2  
  54  4:39  Probe  
  54  4:41  Probe  
  56  4:54  Stalker x4  
  62  5:04  Probe x2  
Show
View Real Time Build Order
Export as new Build Order

Nice Protoss 

Build Orders: Blink Stalkers 

Get SALT Encoding   

  12  0:00  Probe  
  13  0:12  Probe  
  14  0:22  Pylon  
  14  0:24  Probe  
  15  0:40  Probe (Chrono Boost), Gateway  
  17  0:50  Assimilator  
  17  0:51  Probe (Chrono Boost)  
  17  0:55  Probe (Chrono Boost)  
  17  0:59  Assimilator  
  18  1:05  Gateway  
  18  1:10  Probe (Chrono Boost)  
  19  1:17  Probe (Chrono Boost)  
  20  1:24  Probe  
  21  1:28  Cybernetics Core  
  21  1:33  Pylon  
  21  1:36  Probe  
  22  1:48  Probe  
  23  2:04  Stalker  
  23  2:05  Warp Gate  
  25  2:12  Pylon, Probe  
  26  2:34  Sentry  
  28  2:37  Probe (Chrono Boost)  
  28  2:41  Nexus  
  28  2:49  Twilight Council, Probe (Chrono Boost)  
  29  2:53  Probe (Chrono Boost)  
  30  2:59  Sentry  
  30  3:04  Probe (Chrono Boost)  
  33  3:10  Pylon  
  33  3:16  Probe (Chrono Boost)  
  34  3:20  Blink (Chrono Boost)  
  34  3:22  Probe (Chrono Boost)  
  35  3:30  Probe  
  36  3:34  Pylon  
  36  3:42  Probe  
  38  3:58  Gateway x2  
  38  4:00  Stalker  
  39  4:04  Stalker  
  39  4:07  Probe  
  39  4:08  Probe  
  43  4:19  Probe  
  43  4:20  Probe  
  45  4:28  Stalker x2  
  45  4:30  Gateway  
  49  4:35  Shield Battery  
  49  4:42  Pylon  
  49  4:46  Pylon  
  49  4:47  Shield Battery  
  49  4:51  Stalker  
  49  4:55  Stalker  
  40  5:00  Stalker  
  33  5:15  Stalker x2  
Tags
 
Add a new tag
Caveats
  • Supply blocks, unpowered buildings, or Contaminate may cause inaccurate times.
  • Supply counts are checked every 10 seconds.